 Dungeon Crawl Stone Soup version 0.23.1 (webtiles) character file.

Game seed: 2343887210389943145

77 Fliddo the Sneak (level 4, -3/26 HPs)
             Began as a Kobold Assassin on Mar 13, 2019.
             Slain by a bullfrog (7 damage)
             ... on level 2 of the Dungeon.
             The game lasted 00:13:07 (2308 turns).

Fliddo the Sneak (Kobold Assassin)                  Turns: 2308, Time: 00:13:07

Health: -3/26      AC:  6    Str:  9    XL:     4   Next: 58%
Magic:  3/3        EV: 14    Int: 12    God:
Gold:   76         SH:  0    Dex: 16    Spells: 3/3 levels left

rFire    . . .     SeeInvis .   a - +2 dagger
rCold    . . .     Gourm    .   (shield restricted)
rNeg     . . .     Faith    .   c - +0 robe
rPois    .         Spirit   .   s - +0 helmet
rElec    .         Reflect  .   l - scarf {repulsion}
rCorr    .         Harm     .   (no gloves)
MR       .....                  (no boots)
Stlth    +++.......             (no amulet)
HPRegen  0.08/turn              (no ring)
MPRegen  0.08/turn              (no ring)

@: repel missiles
A: small, thin metallic scales 1, carnivore, low mp 1, mutation resistance 1,
shaggy fur 1
a: no special abilities


You were on level 2 of the Dungeon.
You were completely stuffed.

You visited 1 branch of the dungeon, and saw 3 of its levels.

You collected 76 gold pieces.

Inventory:

Hand Weapons
 a - a +2 dagger (weapon)
 b - a +0 blowgun
 h - a +0 hunting sling of flaming
Missiles
 e - 8 poisoned needles
 f - 2 curare-tipped needles
 n - 19 bolts
 q - 8 needles of sleeping
Armour
 c - a +0 robe (worn)
 l - a scarf of repulsion (worn)
 s - a +0 helmet (worn)
Wands
 r - a wand of acid (10)
Scrolls
 d - a scroll of fog {unknown}
 i - a scroll of teleportation {unknown}
 j - 2 scrolls of remove curse {unknown}
 m - a scroll of identify {unknown}
Potions
 k - a potion of mutation
 o - a potion of agility {unknown}
Comestibles
 g - 4 rations


   Skills:
 - Level 2.1 Fighting
 + Level 4.5 Short Blades
 - Level 2.1 Throwing
 - Level 1.2 Dodging
 + Level 6.7 Stealth


You had 3 spell levels left.
You didn't know any spells.
Your spell library was empty.

Dungeon Overview and Level Annotations

Branches:
Dungeon (3/15)

Altars:
Qazlal

Annotations:
D:2 Sigmund


Innate Abilities, Weirdness & Mutations

You are small and have problems with some larger weapons.
You are carnivorous and can eat meat at any time.
You are partially covered in thin metallic scales. (AC +2)
Your magical capacity is low. (-10% MP)
You are somewhat resistant to further mutation.
You are covered in fur. (AC +1)


Message History

* * * LOW HITPOINT WARNING * * *
It was a potion of mutation.
You feel extremely strange.
Thin metallic scales grow over part of your body.
You feel less energetic. Fur sprouts all over your body.
You feel genetically stable. The bullfrog closely misses you.
The bullfrog swells and bulges.
The bullfrog misses you. The bullfrog closely misses you.
Okay, then.
The bullfrog closely misses you.
Evoke which item? (* to show all) (? for menu, Esc to quit)
Aiming: Corrosive Bolt
Press: ? - help, Shift-Dir - straight line, f - bullfrog
Aim: a bullfrog (moderately wounded)
The bolt of acid hits the bullfrog!
The bullfrog is splashed with acid.
The acid corrodes the bullfrog!
The bullfrog is almost dead.
The bullfrog hits you!
You die...

# .# # .# # .# # .# # .#
# .# # #####.# # #.F...#
#@##### #.#
############## #.#
#....>.......# #.#
#.##########.# #.#
#.##########.# #.#
.............###.#####
#.##########.#..#.>..<..
.#......####.....#######


You could see a bullfrog.

Vanquished Creatures
  Robin (D:2)
  An adder (D:2)
  A dart slug (D:2)
  2 leopard geckos (D:1)
  3 giant cockroaches
  10 goblins
  10 hobgoblins
  2 jackals (D:2)
  A quokka (D:2)
  5 bats
  3 kobolds
  9 rats
48 creatures vanquished.

Notes
Turn   | Place    | Note
-------+----------+-------------------------------------------
     0 | D:1      | Fliddo the Kobold Assassin began the quest for the Orb.
     0 | D:1      | Reached XP level 1. HP: 12/12 MP: 1/1
   220 | D:1      | Reached XP level 2. HP: 13/17 MP: 2/2
   594 | D:1      | Reached XP level 3. HP: 21/21 MP: 3/3
   619 | D:1      | Reached skill level 6 in Stealth
   943 | D:2      | Noticed Robin
  1209 | D:2      | Noticed Sigmund
  1394 | D:2      | Found a stormy altar of Qazlal.
  1418 | D:2      | Reached XP level 4. HP: 26/26 MP: 4/4
  2000 | D:2      | Killed Robin
  2296 | D:2      | Noticed a bullfrog
  2304 | D:2      | Gained mutation: You are partially covered in thin metallic
                  | scales. (AC +2) [potion of mutation]
  2304 | D:2      | Gained mutation: Your magical capacity is low. (-10% MP)
                  | [potion of mutation]
  2304 | D:2      | Gained mutation: You are covered in fur. (AC +1) [potion of
                  | mutation]
  2304 | D:2      | Gained mutation: You are somewhat resistant to further
                  | mutation. [potion of mutation]
  2308 | D:2      | Slain by a bullfrog

Skill      XL: |  1  2  3 |
---------------+----------+-----
Short Blades   | 3 4 |  4.5
Stealth        | 6 |  6.7
Fighting       | |  2.1
Throwing       | |  2.1
Dodging        | |  1.2

Action                   |  1- 3 |  4- 6 || total
-------------------------+-------+-------++-------
Melee: Dagger            |    90 |    85 ||   175
 Fire: Blowgun           |     5 |     1 ||     6
Evoke: Wand              |       |     1 ||     1
  Use: Potion            |     2 |     1 ||     3
 Stab: Sleeping          |    11 |     1 ||    12
  Eat: Chunk             |    10 |     3 ||    13
Armor: Robe              |     9 |     2 ||    11
Dodge: Dodged            |    60 |    51 ||   111
